 Dungeon Crawl Stone Soup version 0.30-a0-393-g54b8e3be05 (webtiles) character file.

Game seed: 3746394843918843724

109 p00ps00p the Trooper (level 4, 0/41 HPs)
             Began as a Hill Orc Fighter on Dec 6, 2022.
             Slain by an adder (2 damage)
             ... on level 3 of the Dungeon.
             The game lasted 00:02:18 (1738 turns).

p00ps00p the Trooper (Hill Orc Fighter)             Turns: 1738, Time: 00:02:19

Health: 0/41       AC:  8    Str: 26    XL:     4   Next: 90%
Magic:  4/4        EV:  9    Int:  8    God:
Gold:   132        SH:  4    Dex: 10    Spells: 3/3 levels left

rFire   . . .      SeeInvis .    a - +1 war axe
rCold   . . .      Faith    .    c - +0 buckler
rNeg    . . .      Spirit   .    b - +1 scale mail
rPois   .          Reflect  .    (no helmet)
rElec   .          Harm     .    (no cloak)
rCorr   .          Rampage  .    (no gloves)
Will    .....                    (no boots)
Stlth   ..........               (no amulet)
HPRegen 0.26/turn                g - +6 ring of strength
MPRegen 0.09/turn                (no ring)

@: mighty, about to teleport
A: no striking features
a: no special abilities


You were on level 3 of the Dungeon.
You visited 1 branch of the dungeon, and saw 3 of its levels.

You collected 132 gold pieces.

Inventory:

Hand Weapons
 a - a +1 war axe (weapon)
Armour
 b - a +1 scale mail (worn)
 c - a +0 buckler (worn)
Jewellery
 g - a +6 ring of strength (left hand)
 o - a ring of wizardry
Scrolls
 k - 3 scrolls of teleportation
Potions
 f - 2 potions of curing {unknown}
 h - 5 potions of attraction
 j - 2 potions of haste {unknown}
 l - a potion of degeneration {unknown}
 m - a potion of heal wounds {unknown}
 n - a potion of cancellation {unknown}


   Skills:
 + Level 4.5 Fighting
 + Level 3.9 Axes
 + Level 4.1 Armour
 + Level 4.1 Shields


You had 3 spell levels left.
You didn't know any spells.
Your spell library contained the following spells:

 Spells                   Type           Power      Damage    Failure   Level
 Kiss of Death            Conj/Necr      0%         2d5       77%         1
 Confusing Touch          Hex            0%         N/A       98%         3
 Dispel Undead            Necr           0%         3d6       100%        4


Dungeon Overview and Level Annotations

Branches:
Dungeon (3/15)

Altars:


Message History

Something hits you but does no damage.
Things that are here:
a +0 trident; an orc corpse You miss something.
You barely miss the orc.
Your butterfly disappears in a burst of colours! x3
You hear some strange, mumbled words.
A magic dart appears from out of thin air!
The magic dart hits you.
* * * LOW HITPOINT WARNING * * *
The orc closely misses you.
You are too confused!
You feel very mighty all of a sudden.
You feel less confused. Something hits you but does no damage.
The orc hits you but does no damage.
You slash something! You slash the orc!
You kill the orc!
Your butterfly disappears in a burst of colours! x3
You hear some strange, mumbled words.
A magic dart appears from out of thin air!
The magic dart hits you!
* * * LOW HITPOINT WARNING * * *
As you read the scroll of teleportation, it crumbles to dust.
You feel strangely unstable.
Your butterfly disappears in a burst of colours! x2
You block something's attack.
You slash something!
Reactivating autopickup.
You feel a bit more experienced.
Your butterfly disappears in a burst of colours! x3
You start resting.
Your surroundings suddenly seem different.
An adder and a quokka come into view.
Found 28 gold pieces and a book of Party Tricks.
You closely miss the quokka. The quokka barely misses you.
You barely miss the quokka.
The quokka bites you but does no damage. x2
As you read the scroll of teleportation, it crumbles to dust.
You feel strangely unstable. The quokka bites you.
* * * LOW HITPOINT WARNING * * *
The adder attacks as you move away! The adder bites you.
You die...

*,,,,,,,,,,* #........,,*
#...:....,,* ******#........,,*
*,,,,,.........,**
******+***##........,** *,,,*,,,*
#.........,,*
*8,,,,,,*##.r.......,,*
*****,,,*,8,*#..@S....$.,,*******
*,,,**,******#.#........,,**,,,,,
*,,,*,,,*,,,*#,#........,,,,,,,,,
*,,,*,8,,,_,*,,.......$.,,,,,,,,,
,,,,*,,,*,,,*,,.........*,**,,,,,
,,,,*********,..####....,,,,,,,,,
,,,,**,,,,,,,,..***,.###,,,,,,,,,
,,,,,,,,**,,,...**,,*#*,,,,,,,,,,
*,,,,>,,,*,,,,,,,,,,,,,,**,,,,,,,


You could see an adder and a quokka.

Vanquished Creatures
  2 orc wizards (D:3)
  An adder (D:2)
  2 orcs (D:3)
  4 endoplasms
  2 giant cockroaches (D:1)
  3 goblins
  7 hobgoblins
  3 jackals (D:2)
  2 quokkas
  7 ball pythons
  3 bats (D:1)
  A frilled lizard (D:2)
  4 kobolds
  4 rats
45 creatures vanquished.

Notes
Turn   | Place    | Note
-------+----------+-------------------------------------------
     0 | D:1      | p00ps00p the Hill Orc Fighter began the quest for the Orb.
     0 | D:1      | Reached XP level 1. HP: 19/19 MP: 1/1
   181 | D:1      | Reached XP level 2. HP: 23/27 MP: 2/2
  1138 | D:2      | Reached XP level 3. HP: 33/33 MP: 3/3
  1566 | D:2      | Found a faded altar of an unknown god.
  1724 | D:3      | Reached XP level 4. HP: 17/41 MP: 4/4
  1731 | D:3      | HP: 2/41 [something/magic dart (8)]
  1737 | D:3      | HP: 2/41 [quokka (2)]
  1738 | D:3      | Slain by an adder

Illustrated notes

Levels and vault maps discovered:
D:1:      minmay_arrival_wavy_path, layout_basic
D:2:      layout_basic, dreamdust_ecumenical_altar_angels_and_demons
D:3:      layout_rooms, nicolae_wu_jian_immortal_techniques,
          mainiacjoe_overflow_small_starburst, serial_park_tiny_pond,
          minmay_fractal_squares_5

Skill      XL: |  1  2  3 |
---------------+----------+-----
Axes           | 3 |  3.9
Fighting       | 4 |  4.5
Armour         | 4 |  4.1
Shields        | 4 |  4.1

Action                   |  1- 3 |  4- 6 || total
-------------------------+-------+-------++-------
Melee: War axe           |   119 |     8 ||   127
  Use: Scroll            |     7 |     2 ||     9
       Potion            |       |     1 ||     1
 Stab: Distracted        |     1 |       ||     1
Armor: Scale mail        |    55 |    10 ||    65
Dodge: Dodged            |    69 |     4 ||    73
Block: Buckler           |    22 |     1 ||    23

Table legend: (Time is in decaauts)
 A = Elapsed time spent in this place.
 B = Non-inter-level travel time spent in this place.
 C = Inter-level travel time spent in this place.
 D = Time resting spent in this place.
 E = Time spent auto-exploring this place.
 F = Levels seen in this place.
 G = Mean time per level.
                   A        B        C        D        E       F      G
               +--------+--------+--------+--------+--------+-----+--------+
         Total |   1785 |   1677 |    108 |      0 |   1353 |   3 |  595.0 |
       Dungeon |   1785 |   1677 |    108 |      0 |   1353 |   3 |  595.0 |
               +--------+--------+--------+--------+--------+-----+--------+

Top non-repeatable levels by time:
     D:1: 1102 daAuts
     D:2: 639 daAuts
     D:3: 43 daAuts
